 Dungeon Crawl Stone Soup version 0.23-a0-370-gf497b7c (webtiles) character file.

54 emperorscorpion the Charmwright (level 3, 0/18 HPs)
             Began as a Vine Stalker Skald on Oct 9, 2018.
             Succumbed to an adder's poison
             ... on level 3 of the Dungeon on Oct 24, 2018.
             The game lasted 00:04:30 (572 turns).

emperorscorpion the Charmwright (Vine Stalker Skald) Turns: 572, Time: 00:04:31

Health: 0/18       AC:  4    Str: 16 (18) XL:     3   Next: 91%
Magic:  4/7        EV: 12    Int: 13      God:
Gold:   60         SH:  0    Dex: 13 (14) Spells: 5/6 levels left

rFire    . . .     SeeInvis .   a - +1 dagger (venom)
rCold    . . .     Gourm    .   (no shield)
rNeg     . . .     Faith    .   l - +2 robe {MR+}
rPois    .         Spirit   +   (no helmet)
rElec    .         Reflect  .   (no cloak)
rCorr    .         Harm     .   (no gloves)
MR       +....                  (no boots)
Stlth    ++........             (no amulet)
HPRegen  0.06/turn              k - ring of stealth
MPRegen  0.10/turn              (no ring)

@: mighty, lethally poisoned (0 -> -8)
A: fangs 2, magic shield, antimagic bite, no potion heal 3, rot immunity
a: no special abilities


You were on level 3 of the Dungeon.
You were not hungry.

You visited 1 branch of the dungeon, and saw 3 of its levels.

You collected 60 gold pieces.

Inventory:

Hand Weapons
 a - a +1 dagger of venom (weapon)
 c - a +0 hand crossbow
 n - a +0 short sword
Missiles
 j - 3 curare-tipped needles
Armour
 b - a +0 leather armour
 l - a +2 robe of magic resistance (worn)
Jewellery
 k - a ring of stealth (left hand)
Scrolls
 e - 2 scrolls of enchant armour {unknown}
 f - 2 scrolls of random uselessness {unknown}
 g - a scroll of identify {unknown}
 i - 3 scrolls of fear {unknown}
 m - 5 scrolls of teleportation {unknown}
 p - a scroll of enchant weapon {unknown}
Comestibles
 d - 4 rations
 h - a chunk of flesh


   Skills:
 + Level 2.1 Fighting
 + Level 2.3 Short Blades
 + Level 1.0 Armour
 + Level 1.8 Dodging
 + Level 0.4 Stealth
 + Level 2.4 Spellcasting
 + Level 3.6 Charms


You had 5 spell levels left.
You knew the following spells:

 Your Spells              Type           Power        Failure   Level  Hunger
a - Infusion              Chrm           ##..         5%          1    #......

Your spell library contained the following spells:

 Spells                   Type           Power        Failure   Level  Hunger
 Song of Slaying          Chrm           ##......     9%          2    ###....
 Shroud of Golubria       Chrm/Tloc      #.........   17%         2    ###....
 Regeneration             Chrm/Necr      #.........   34%         3    ###....
 Spectral Weapon          Hex/Chrm       #.......     34%         3    ###....


Dungeon Overview and Level Annotations

Branches:
Dungeon (3/15)

Altars:


Innate Abilities, Weirdness & Mutations

You have extremely sharp teeth.
When hurt, damage is shared between your health and your magic reserves.
Your bite disrupts and absorbs the magic of your enemies.
Potions cannot restore your health.
You are immune to rotting.


Message History

You feel sick. The adder bites you.
* * * LOW HITPOINT WARNING * * *
You are more poisoned.
The adder poisons you!
You hit the adder but do no damage.
The adder looks as sick as possible!
The adder is moderately wounded.
* * * LOW HITPOINT WARNING * * *
You feel sick. The adder bites you but does no damage.
It was a potion of might.
You feel very mighty all of a sudden. The adder misses you.
The adder closely misses you.
You hit the adder.
The adder is almost dead.
* * * LOW HITPOINT WARNING * * *
You feel sick.
You kill the adder!
You feel your dexterity returning.
* * * LOW HITPOINT WARNING * * *
You feel sick.
You die...

#.##...#####...###..
#.##...# ##..###.#
#####.####.#
#....[..
#..)...†...#
#.####.#
#.###.#.#### ##+##
#.. #...# ##..[#####
#.#####.#
##.....##..
#.......##
##.......#.#
######.@.#
#.......<..#
#.......+.........†.
##...####..........#
##.## ##.......#.#
#.# ##.....##.< #.#
##...##### ..# ##+##
###


There were no monsters in sight!

Vanquished Creatures
  Jessica (D:2)
  2 adders (D:3)
  A hobgoblin (D:1)
  3 kobolds
  A quokka (D:3)
  A ball python (D:2)
  2 frilled lizards
  3 rats
14 creatures vanquished.

Notes
Turn   | Place    | Note
-------+----------+-------------------------------------------
     0 | D:1      | emperorscorpion the Vine Stalker Skald began the quest for
                  | the Orb.
     0 | D:1      | Reached XP level 1. HP: 11/11 MP: 4/4
     0 | D:1      | Upgraded the game from 0.23-a0-305-g7ffd15e to
                  | 0.23-a0-370-gf497b7c
   368 | D:2      | Noticed Jessica
   383 | D:2      | Killed Jessica
   383 | D:2      | Reached XP level 2. HP: 4/15 MP: 4/6
   383 | D:2      | Reached XP level 3. HP: 5/18 MP: 4/7
   410 | D:3      | Reached skill level 1 in Armour
   572 | D:3      | Succumbed to an adder's poison

Vault maps used:
D:1:      lemuel_arrival_broad_hall, serial_forest, infiniplex_forest_lined_2,
          infiniplex_forest_clump_C, infiniplex_forest_end_2,
          infiniplex_forest_straight_4, infiniplex_forest_zigzag_1,
          infiniplex_forest_straight_4, infiniplex_forest_clump_double
D:2:      uniq_jessica
D:3:      marbit_many_paths

Skill      XL: |  1  2  3 |
---------------+----------+-----
Fighting       | 2 |  2.1
Short Blades   | 2 |  2.3
Armour         | 1 |  1.0
Dodging        | |  1.8
Stealth        | |  0.4
Spellcasting   | |  2.4
Charms         | |  3.6

Action                   || total
-------------------------++-------
Melee: Dagger            ||    27
       Short sword       ||     6
       Bite              ||     6
  Use: Potion            ||     3
 Stab: Sleeping          ||     2
Armor: Leather armour    ||     2
       Robe              ||     1
Dodge: Dodged            ||    12

Table legend:
 A = Non-vault XP
 B = Vault XP
 C = Vault XP percentage of total XP
 D = Non-vault monster count
 E = Vault monster count
 F = Vault count percentage of total count
                 A         B        C        D         E       F
            +---------+---------+-------+---------+---------+-------
      Total |      41 |      37 |  47.4 |      13 |       1 |   7.1
            +---------+---------+-------+---------+---------+-------
        D:1 |       6 |       0 |   0.0 |       4 |       0 |   0.0
        D:2 |       5 |      37 |  88.1 |       4 |       1 |  20.0
        D:3 |      30 |       0 |   0.0 |       5 |       0 |   0.0
            +---------+---------+-------+---------+---------+-------
